 Dungeon Crawl Stone Soup version 0.27.0-1-g7a089689b8 (webtiles) character file.

Game seed: 11345041018319604863

130 Ozzies the Skirmisher (level 4, -2/40 HPs)
             Began as a Palentonga Monk on Aug 2, 2021.
             Slain by a gnoll (14 damage)
             ... on level 2 of the Dungeon.
             The game lasted 00:04:16 (3328 turns).

Ozzies the Skirmisher (Palentonga Monk)             Turns: 3328, Time: 00:04:16

Health: -2/40      AC:  4    Str: 16    XL:     4   Next: 90%
Magic:  4/4        EV: 10    Int: 10    God:
Gold:   54         SH:  0    Dex: 12    Spells: 3/3 levels left

rFire    . . .     SeeInvis +     - Unarmed
rCold    . . .     Faith    .   (no shield)
rNeg     . . .     Spirit   .   a - +0 robe
rPois    .         Reflect  .   (no helmet)
rElec    .         Harm     .   (no cloak)
rCorr    .         Rampage  .   (no gloves)
Will     .....                  (no barding)
Stlth    ++........             (no amulet)
HPRegen  0.13/turn              (no ring)
MPRegen  0.09/turn              (no ring)

@: no status effects
A: large, rugged brown scales 3, see invisible, deformed body, roll 1, armoured
tail
a: Rolling Charge


You were on level 2 of the Dungeon.
You visited 1 branch of the dungeon, and saw 3 of its levels.

You collected 54 gold pieces.

Inventory:

Missiles
 g - a throwing net (quivered) {!f}
 j - 11 stones
Armour
 a - a +0 robe (worn)
 i - a +1 helmet
Wands
 h - a wand of acid (13)
Scrolls
 b - 2 scrolls of teleportation {@r3 !r}
 c - a scroll of magic mapping {@r5 !r}
 d - a scroll of identify {@r1}
 f - a scroll of enchant armour
Potions
 e - a potion of curing {unknown}


   Skills:
 * Level 4.9 Fighting
 - Level 2.4 Dodging
 - Level 1.2 Stealth
 + Level 4.0 Unarmed Combat


You had 3 spell levels left.
You didn't know any spells.
Your spell library contained the following spells:

 Spells                   Type           Power      Damage    Failure   Level
 Call Canine Familiar     Summ           0%         N/A       75%         3
 Portal Projectile        Hex/Tloc       0%         N/A       75%         3
 Leda's Liquefaction      Hex/Erth       0%         N/A       98%         4


Dungeon Overview and Level Annotations

Branches:
Dungeon (3/15)

Altars:
Kikubaaqudgha


Innate Abilities, Weirdness & Mutations

You are completely covered in rugged brown scales. (AC +3, +7% HP)
You have supernaturally acute eyesight. (SInv)
Armour fits poorly on your strangely shaped body.
You can roll at nearby foes to attack.
You have a long armoured tail.


Message History

The adder is heavily wounded.
The adder bites you.
You hit the adder.
The adder is almost dead.
The adder bites you.
You hit the adder.
You kill the adder!
You hit the rat.
You kill the rat!
You open the door.
Found a ring mail.
There is an open door here.
Found an ancient bone altar of Kikubaaqudgha.
Miasma emanates from the human's flesh.
The human is engulfed in dark miasma.
The human is poisoned.
The human seems to slow down.
The human is engulfed in dark miasma.
The human looks even sicker.
The human seems to slow down.
The human dies!
The human rises from the dead!
You open the door.
There is an open door here.
A hobgoblin comes into view.
A hobgoblin is nearby!
A hobgoblin is nearby!
You hit the hobgoblin but do no damage.
Your tail-slap misses the hobgoblin.
The hobgoblin hits you.
You hit the hobgoblin.
The hobgoblin is lightly wounded.
The hobgoblin misses you.
You hit the hobgoblin.
The hobgoblin is heavily wounded.
The hobgoblin hits you but does no damage.
You hit the hobgoblin but do no damage.
The hobgoblin is heavily wounded.
The hobgoblin closely misses you.
You hit the hobgoblin but do no damage.
The hobgoblin is heavily wounded.
The hobgoblin barely misses you.
You closely miss the hobgoblin.
The hobgoblin is heavily wounded.
The hobgoblin hits you but does no damage.
You barely miss the hobgoblin.
The hobgoblin is heavily wounded.
The hobgoblin misses you.
You hit the hobgoblin.
You kill the hobgoblin!
No target in view!
No target in view!
No target in view!
Press: ? - help, . - travel You can't see that place. [the floor.]
There is an open door here.
You see here a +0 ring mail.
You open the door.
Found a stone staircase leading up.
There is an open door here.
There is a stone staircase leading up here.
j - 11 stones
There is an open door here.
There is an open door here.
A gnoll comes into view. It is wielding a +0 halberd.
The gnoll moves out of view.
A gnoll comes into view. It is wielding a +0 whip.
There are monsters nearby!
The gnoll shouts!
A gnoll comes into view. It is wielding a +0 halberd.
The gnoll shouts!
You closely miss the gnoll. The gnoll hits you with a +0 halberd!
You hit the gnoll but do no damage. The gnoll hits you with a +0 halberd!
You are too injured to fight recklessly!
You are too injured to fight recklessly!
You are too injured to fight recklessly!
You are too injured to fight recklessly!
You are too injured to fight recklessly!
You are too injured to fight recklessly!
You are too injured to fight recklessly!
The gnoll hits you from afar with a +0 halberd.
* * * LOW HITPOINT WARNING * * *
The gnoll hits you from afar with a +0 halberd.
* * * LOW HITPOINT WARNING * * *
You see here 25 bolts.
There is a stone staircase leading up here.
You climb upwards.
There is a stone staircase leading down here.
There is a stone staircase leading down here.
You start resting.
HP restored.
You climb downwards.
The gnoll closely misses you.
There is a stone staircase leading up here.
The gnoll hits you from afar with a +0 halberd!
The gnoll hits you with a +0 halberd.
You climb upwards.
There is a stone staircase leading down here.
You barely miss the gnoll. The gnoll hits you with a +0 halberd!
* * * LOW HITPOINT WARNING * * *
You barely miss the gnoll.
Your tail-slap misses the gnoll.
The gnoll hits you with a +0 halberd!
You die...

# ####### ####.###########.#
#####.....#########.### #.#
..........+...........# #.#
....(.....########....###### #.#
............#.........'....# #.#
.......####.#.###.....####.# #.#
######.# #.#.# #.....# #.####.#
######.####.#.###.....# #....#.#
...............g@.....# ####.#..
######....#.#.........### #....
#....#.###.##......#########
######....#.###.##......'........
..........+.............#########
.....#....#.###.###..####
.....#......# #.# #...# #####
.....##...#####.# ##..# #....
.....#........#.# #..## #.##.


You could see a gnoll.

Vanquished Creatures
  A hound (D:2)
  4 adders
  A worm (D:3)
  8 orcs
  6 ball pythons
  4 bats
  2 endoplasms
  A giant cockroach (D:1)
  6 goblins
  4 hobgoblins
  3 quokkas (D:1)
  3 frilled lizards
  5 kobolds
  8 rats
56 creatures vanquished.

Vanquished Creatures (others)
  A human (D:3)
1 creature vanquished.

Grand Total: 57 creatures vanquished

Notes
Turn   | Place    | Note
-------+----------+-------------------------------------------
     0 | D:1      | Ozzies the Palentonga Monk began the quest for the Orb.
     0 | D:1      | Reached XP level 1. HP: 19/19 MP: 1/1
   160 | D:1      | Reached XP level 2. HP: 23/25 MP: 2/2
   522 | D:1      | You fall into a shaft and drop 1 floor!
   720 | D:2      | Reached XP level 3. HP: 16/32 MP: 3/3
  1384 | D:2      | Reached XP level 4. HP: 3/40 MP: 4/4
  2419 | D:3      | Found a faded altar of an unknown god.
  2886 | D:3      | Found an ancient bone altar of Kikubaaqudgha.
  2889 | D:3      | Noticed a human
  2890 | D:3      | Killed a human
  3328 | D:2      | Slain by a gnoll

Illustrated notes

Levels and vault maps discovered:
D:1:      amcnicky_arrival_choice, layout_rooms, serial_curves, eino_curves_03,
          eino_curves_04
D:2:      layout_basic
D:3:      layout_loops_corners, tgw_kikubaaqudgha,
          shapermc_ecumenical_altar_notcrosses

Skill      XL: |  1  2  3  4 |
---------------+-------------+-----
Fighting       | 4 |  4.9
Unarmed Combat | 4 |  4.0
Dodging        | |  2.4
Stealth        | |  1.2

Action                   |  1- 3 |  4- 6 || total
-------------------------+-------+-------++-------
Melee: Unarmed           |    96 |    89 ||   185
       Tailslap          |     8 |     7 ||    15
       Punch             |     1 |       ||     1
 Abil: Rolling Charge    |       |     2 ||     2
  Use: Scroll            |     3 |     1 ||     4
 Stab: Sleeping          |       |     1 ||     1
Armor: Robe              |    33 |    18 ||    51
Dodge: Dodged            |    64 |    40 ||   104
